 Dungeon Crawl Stone Soup version 0.29.1-15-g9cfb28693d (webtiles) character file.

Game seed: 6631242346942409548

194 Smoke131 the Firebug (level 5, -3/42 HPs)
             Began as a Draconian Fire Elementalist on Mar 3, 2023.
             Succumbed to a kobold brigand's poison
             ... in a sewer.
             The game lasted 00:06:25 (2870 turns).

Smoke131 the Firebug (Draconian Fire Elementalist)  Turns: 2870, Time: 00:06:25

Health: -3/42      AC:  6    Str: 10    XL:     5   Next: 44%
Magic:  1/9        EV: 12    Int: 17    God:
Gold:   125        SH:  0    Dex: 12    Spells: 6/9 levels left

rFire   . . .      SeeInvis .   d - +2 short sword (venom)
rCold   . . .      Faith    .   (no shield)
rNeg    . . .      Spirit   .   (body armour unavailable)
rPois   .          Reflect  .   (helmet restricted)
rElec   .          Harm     .   (no cloak)
rCorr   .          Rampage  .   m - +0 pair of gloves
Will    .....                   (no boots)
Stlth   ++........              (no amulet)
HPRegen 0.14/turn               (no ring)
MPRegen 0.11/turn               (no ring)

@: lethally poisoned (-3 -> -23)
A: AC +5, unfitting armour, cold-blooded
a: no special abilities


You were in a sewer.
You visited 1 branch of the dungeon, and saw 3 of its levels.
You also visited: Sewer.

You collected 125 gold pieces.

Inventory:

Hand Weapons
 b - a +0 trident
 d - a +2 short sword of venom (weapon)
Armour
 m - a +0 pair of gloves (worn)
Scrolls
 g - a scroll of blinking
 i - a scroll of noise {unknown}
Potions
 a - 2 potions of magic
 c - a potion of ambrosia
 e - a potion of lignification {unknown}
 f - a potion of haste {unknown}
 h - 2 potions of curing
 k - a potion of degeneration {unknown}
 l - a potion of brilliance {unknown}


   Skills:
 + Level 2.3 Fighting
 + Level 2.7 Dodging
 - Level 1.7 Stealth
 + Level 2.9 Spellcasting
 + Level 2.5 Conjurations
 + Level 3.8 Fire Magic


You had 6 spell levels left.
You knew the following spells:

 Your Spells              Type           Power      Damage    Failure   Level
a - Foxfire               Conj/Fire      52%        2x1d6     4%          1
b - Scorch                Fire           30%        2d7       5%          2

Your spell library contained the following spells:

 Spells                   Type           Power      Damage    Failure   Level
 Conjure Flame            Conj/Fire      13%        6-21      14%         3
 Inner Flame              Hex/Fire       9%         N/A       24%         3
 Flame Wave               Conj/Fire      13%        2d6       43%         4
 Call Canine Familiar     Summ           2%         N/A       47%         3
 Portal Projectile        Hex/Tloc       4%         N/A       47%         3
 Leda's Liquefaction      Hex/Erth       1%         N/A       87%         4


Dungeon Overview and Level Annotations

Branches:
Dungeon (3/15)              Sewer (1/1)

Altars:

Annotations:
D:3 2 transporters, DemonSlayer's ghost, amateur DsEE


Innate Abilities, Weirdness & Mutations

Your plain brown scales are hard. (AC +5)
You cannot fit into any form of body armour.
You are cold-blooded and may be slowed by cold attacks.


Message History

The kobold brigand closely misses you.
The kobold brigand hits you with a +2 short sword of venom!
You hit the kobold brigand but do no damage.
The kobold brigand is poisoned.
The kobold brigand is heavily wounded.
The kobold brigand hits you with a +2 short sword of venom!
You are poisoned.
You feel very sick.
Casting: Foxfire (safe; 5% risk of failure)
Confirm with . or Enter, or press ? or * to list all spells.
You conjure some foxfire!
You feel very sick. The kobold brigand closely misses you.
You closely miss the kobold brigand.
The kobold brigand is heavily wounded.
You feel sick.
The foxfire hits the kobold brigand.
The kobold brigand is almost dead.
The foxfire hits the kobold brigand.
You kill the kobold brigand!
You hear a splash. x2
The kobold brigand hits you with a +2 short sword of venom.
* * * LOW HITPOINT WARNING * * *
You are lethally poisoned!
You have reached level 5!
You hit the kobold brigand.
The kobold brigand looks as sick as possible!
You tail-slap the kobold brigand.
The kobold brigand is almost dead.
* * * LOW HITPOINT WARNING * * *
You feel very sick.
The kobold brigand hits you but does no damage.
You are more poisoned.
Casting: Foxfire (safe; 4% risk of failure)
Confirm with . or Enter, or press ? or * to list all spells.
You conjure some foxfire!
* * * LOW HITPOINT WARNING * * *
You feel very sick.
The kobold brigand hits you with a +2 short sword of venom.
* * * LOW HITPOINT WARNING * * *
You die...

##≈## ##~## #≈# #~#
#≈# #†# #≈# #~#
##≈## ##~## ##~~.##
##.).##
#####.....####.vK~~#
≈≈≈≈≈~~∩~.~~~~.....#
#####...∩.####@v~..#
##...## ##~~.##
##~## ##### #†# #~#
#~# ~.~ ...


You could see a kobold brigand (extremely poisoned, ally target).

Vanquished Creatures
  A kobold brigand (Sewer)
  4 gnolls (D:2)
  3 adders
  A worm (D:2)
  A dart slug (D:2)
  3 endoplasms
  2 giant cockroaches (D:3)
  9 goblins
  3 hobgoblins
  2 quokkas (D:1)
  8 ball pythons
  6 bats
  A frilled lizard (D:2)
  5 kobolds
  10 rats
59 creatures vanquished.

Vanquished Creatures (collateral kills)
  3 foxfires (D:2)
3 creatures vanquished.

Vanquished Creatures (others)
  89 foxfires
  10 plants (D:2)
99 creatures vanquished.

Grand Total: 161 creatures vanquished

Notes
Turn   | Place    | Note
-------+----------+-------------------------------------------
     0 | D:1      | Smoke131 the Draconian Fire Elementalist began the quest
                  | for the Orb.
     0 | D:1      | Reached XP level 1. HP: 14/14 MP: 3/3
   451 | D:1      | Found a faded altar of an unknown god.
   602 | D:1      | Reached XP level 2. HP: 16/22 MP: 5/5
  1171 | D:1      | Learned a level 2 spell: Scorch
  1181 | D:2      | Reached skill level 1 in Fighting
  1277 | D:2      | Reached XP level 3. HP: 28/28 MP: 2/6
  1395 | D:2      | Reached XP level 4. HP: 24/35 MP: 0/7
  2283 | D:3      | Noticed DemonSlayer's ghost (amateur DsEE)
  2284 | D:3      | Found a transporter.
  2286 | D:3      | Noticed an ogre
  2287 | D:3      | Noticed an ogre
  2288 | D:3      | Found a transporter.
  2531 | D:3      | Found a glowing drain.
  2537 | Sewer    | Entered a sewer
  2842 | Sewer    | Noticed a kobold brigand
  2842 | Sewer    | Noticed a kobold brigand
  2867 | Sewer    | Killed a kobold brigand
  2868 | Sewer    | Reached XP level 5. HP: 12/42 MP: 2/9
  2869 | Sewer    | HP: 1/42 [kobold brigand/+2 short sword of venom (2)]
  2870 | Sewer    | Succumbed to a kobold brigand's poison

Illustrated notes

Levels and vault maps discovered:
D:1:      evilmike_arrival_hilbert_curve, layout_loops_ring,
          hellmonk_ecumenical_altar_crossroads, minmay_misc_feat_roman
D:2:      layout_rooms, serial_forest, infiniplex_forest_clump_cross,
          infiniplex_forest_straight_2, infiniplex_forest_clump_curved,
          infiniplex_forest_end_double, infiniplex_forest_straight_2,
          infiniplex_forest_clump_cross, infiniplex_forest_zigzag_1,
          corexii_corridor_pit
D:3:      layout_basic, portal_sewer_entry_e, gammafunk_ghost_smash,
          minmay_goblin_kobold_house
Sewer:    sewer_co_15_rooms

Skill      XL: |  1  2  3  4 |
---------------+-------------+-----
Dodging        | 2 |  2.7
Fighting       | 1 2 |  2.3
Conjurations   | 2 |  2.5
Stealth        | |  1.7
Spellcasting   | |  2.9
Fire Magic     | |  3.8

Action                   |  1- 3 |  4- 6 || total
-------------------------+-------+-------++-------
Melee: Trident           |    62 |    53 ||   115
       Tailslap          |     5 |    11 ||    16
       Short sword       |       |     6 ||     6
 Cast: Foxfire           |    18 |    34 ||    52
       Scorch            |       |     2 ||     2
  Use: Scroll            |       |     8 ||     8
 Stab: Sleeping          |     3 |     3 ||     6
Armor: Skin              |    29 |    36 ||    65
Dodge: Dodged            |    53 |    70 ||   123
